 Dungeon Crawl Stone Soup version 0.22-a0-422-g9628fc8 (webtiles) character file.

21 galech the Fighter (level 2, 0/33 HPs)
             Began as a Gnoll Wanderer on May 17, 2018.
             Slain by an adder (2 damage)
             ... on level 1 of the Dungeon.
             The game lasted 00:01:24 (1055 turns).

galech the Fighter (Gnoll Wanderer)                 Turns: 1055, Time: 00:01:25

Health: 0/33       AC:  2    Str: 14    XL:     2   Next: 83%
Magic:  2/2        EV:  9    Int: 14    God:
Gold:   49         SH:  8    Dex: 14    Spells: 2/2 levels left

rFire    . . .     SeeInvis .   k - +0 whip
rCold    . . .     Gourm    .   a - +0 shield
rNeg     . . .     Faith    .   e - +0 robe
rPois    .         Spirit   .   (no helmet)
rElec    .         Reflect  .   s - scarf {cloud immunity}
rCorr    .         Harm     .   (no gloves)
MR       .....                  (no boots)
Stlth    ++........             (no amulet)
HPRegen  0.11/turn              (no ring)
MPRegen  0.08/turn              (no ring)

@: lethally poisoned (0 -> -6)
A: distributed training, fangs 1, strong nose
a: no special abilities


You were on level 1 of the Dungeon.
You were hungry.

You visited 1 branch of the dungeon, and saw 2 of its levels.

You collected 49 gold pieces.

Inventory:

Hand Weapons
 b - a +0 shortbow
 f - a +0 club
 k - a +0 whip (weapon)
Missiles
 c - 22 arrows
Armour
 a - a +0 shield (worn)
 e - a +0 robe (worn)
 s - a scarf of cloud immunity (worn)
Scrolls
 i - a scroll of immolation {unknown}
 l - a scroll of enchant armour {unknown}
 n - a scroll of remove curse {unknown}
 o - a scroll of enchant weapon {unknown}
Potions
 h - a potion of brilliance {unknown}
 j - 2 potions of flight {unknown}
 p - 2 potions of agility {unknown}
 q - 2 potions of berserk rage {unknown}
 r - a potion of lignification {unknown}
Comestibles
 g - a ration
 m - 2 chunks of flesh


   Skills:
 + Level 8.5 Fighting
 + Level 0.5 Short Blades
 + Level 0.5 Long Blades
 + Level 2.5 Axes
 + Level 0.5 Maces & Flails
 + Level 0.5 Polearms
 + Level 0.5 Staves
 + Level 0.5 Slings
 + Level 0.5 Bows
 + Level 2.5 Crossbows
 + Level 0.5 Throwing
 + Level 4.5 Armour
 + Level 0.5 Dodging
 + Level 2.3 Stealth
 + Level 2.5 Shields
 + Level 0.5 Unarmed Combat
 + Level 0.5 Spellcasting
 + Level 0.3 Conjurations
 + Level 0.3 Hexes
 + Level 0.3 Charms
 + Level 0.3 Summonings
 + Level 0.3 Necromancy
 + Level 0.3 Translocations
 + Level 0.3 Transmutations
 + Level 0.3 Fire Magic
 + Level 0.3 Ice Magic
 + Level 0.3 Air Magic
 + Level 0.3 Earth Magic
 + Level 0.3 Poison Magic
 + Level 0.6 Invocations
 + Level 0.5 Evocations


You had 2 spell levels left.
You didn't know any spells.
Your spell library was empty.

Dungeon Overview and Level Annotations

Branches:
Dungeon (2/15)

Altars:


Innate Abilities, Weirdness & Mutations

Your experience applies equally to all skills.
You have very sharp teeth.
Your uncanny sense of smell can sniff out nearby items.


Message History

You feel better. The adder bites you.
* * * LOW HITPOINT WARNING * * *
You are poisoned.
The adder poisons you!
You miss the adder.
The adder is moderately wounded.
You feel sick. The adder closely misses you. The adder bites you.
* * * LOW HITPOINT WARNING * * *
You are lethally poisoned!
The adder poisons you!
You barely miss the adder.
The adder is moderately wounded.
* * * LOW HITPOINT WARNING * * *
You feel sick. The adder misses you.
You hit the adder.
The adder is moderately wounded.
The adder bites you.
* * * LOW HITPOINT WARNING * * *
The adder bites you.
You die...

#......# #.###.### #.# #.#
#......# #.###.# #.###..
######## ####.....# ###...###
######........####...#.#
#........>##..##.......#
##.#.......#......#.#.###
#..#.##...K#..#####...#####
#.##.##..#S#...........((..
#.##.##..#@#.#######.######
#.#...#..#.#.....#...#.#.#.
#.#.###.##.####.##.##......
#.#.#......#.......#.......
###.#.#.######....##.##......
#...#.#.######...#...#......#
###.###.#.#...........###...#..
#.....#.#.#.######.....#..#...#
#.#.....#.#............##......


You could see an adder and a kobold.

Vanquished Creatures
  A leopard gecko (D:1)
  2 bats (D:1)
  2 giant cockroaches (D:1)
  2 goblins (D:1)
  A hobgoblin (D:1)
  4 jackals (D:1)
  3 kobolds (D:1)
  2 rats (D:1)
17 creatures vanquished.

Notes
Turn   | Place    | Note
-------+----------+-------------------------------------------
     0 | D:1      | galech the Gnoll Wanderer began the quest for the Orb.
     0 | D:1      | galech set off with: a +0 shield, a +0 shortbow, 22 arrows, a potion of curing, a +0 robe, a +0 club, a ration
     0 | D:1      | Reached XP level 1. HP: 26/26 MP: 1/1
   190 | D:1      | Reached XP level 2. HP: 3/33 MP: 2/2
  1055 | D:1      | Slain by an adder

Vault maps used:
D:1:      co_arrival_square_in_a_square_in_a_square
D:2:      elyvilon_altar_3, uniq_natasha

Action                   || total
-------------------------++-------
Melee: Club              ||    47
       Whip              ||    39
       Bite              ||     4
  Use: Potion            ||     1
 Stab: Sleeping          ||     2
Armor: Robe              ||    25
Dodge: Dodged            ||    46
Block: Shield            ||    40

Table legend:
 A = Spawn XP
 B = Non-spawn XP
 C = Spawn XP percentage of total XP
 D = Spawn monster count
 E = Non-spawn monster count
 F = Spawn count percentage of total count
 G = Total turns spent on level
                    A         B        C        D         E        F      G
               +---------+---------+-------+---------+---------+-------+---------
         Total |       0 |      30 |   0.0 |       0 |      17 |   0.0 |  1055
               +---------+---------+-------+---------+---------+-------+---------
           D:1 |       0 |      30 |   0.0 |       0 |      17 |   0.0 |  1040
               +---------+---------+-------+---------+---------+-------+---------
